 Dungeon Crawl Stone Soup version 0.19.0-20-gbc5f0c6 (webtiles) character file.

208 McCoppin the Sneak (level 5, -4/36 HPs)
             Began as an Octopode Fighter on Nov 17, 2016.
             Slain by a crocodile (14 damage)
             ... in a sewer.
             The game lasted 00:06:13 (2244 turns).

McCoppin the Sneak (Octopode Fighter)               Turns: 2244, Time: 00:06:13

Health: -4/36      AC:  1    Str: 15    XL:     5   Next: 86%
Magic:  5/5        EV: 11    Int: 11    God:
Gold:   146        SH:  8    Dex: 12    Spells: 0 memorised, 4 levels left

rFire  . . .     SeeInvis .     a - +0 long sword
rCold  . . .     Gourm    .     b - +0 shield
rNeg   . . .     Faith    .     (helmet restricted)
rPois  .         Spirit   .     (no amulet)
rElec  .         Reflect  .     l - ring of flight
rCorr  .         Harm     .     (no ring)
MR     .....                    (no ring)
Stlth  +++++.....               (no ring)
                                (no ring)
                                (no ring)
                                (no ring)
                                (no ring)

@: no status effects
A: almost no armour, stealthy swim, amphibious, 8 rings, constrict 8, camouflage
1, gelatinous body 1
a: Evoke Flight


You were in a sewer.
You were not hungry.

You visited 1 branch of the dungeon, and saw 3 of its levels.
You also visited: Sewer.

You collected 146 gold pieces.

Inventory:

Hand Weapons
 a - a +0 long sword (weapon)
Armour
 b - a +0 shield (worn)
Jewellery
 l - a ring of flight (left tentacle)
Scrolls
 e - 2 scrolls of random uselessness
 g - a scroll of magic mapping {unknown}
 j - a scroll of teleportation
 k - 3 scrolls of blinking
 n - a scroll of enchant armour {unknown}
Potions
 f - 2 potions of haste
Comestibles
 c - a chunk of flesh
 d - 4 bread rations
 h - 2 meat rations
 m - a royal jelly


   Skills:
 - Level 3.0 Fighting
 - Level 2.0 Long Blades
 - Level 3.0 Dodging
 + Level 7.9 Stealth
 - Level 3.0 Shields


You had 4 spell levels left.
You didn't know any spells.

Dungeon Overview and Level Annotations

Branches:
Dungeon (3/15)

Altars:
Ru


Innate Abilities, Weirdness & Mutations

You cannot wear most types of armour.
You are very stealthy in the water. (Stealth+)
You are amphibious.
You can wear up to eight rings at the same time.
You can use your tentacles to constrict eight enemies at once.
Your skin changes colour to match your surroundings (Stealth+).
Your rubbery body absorbs attacks. (AC +1, EV +1)


Message History

You hit the crocodile but do no damage. Your squeeze misses the crocodile.
The crocodile is severely wounded.
The crocodile misses you.
Your shield prevents you from hitting the crocodile.
Your squeeze misses the crocodile.
The crocodile is severely wounded.
The crocodile barely misses you.
You slash the crocodile!
The crocodile is almost dead.
The crocodile bites you!
* * * LOW HITPOINT WARNING * * *
The crocodile barely misses you.
You closely miss the crocodile.
You squeeze the crocodile, but do no damage.
The crocodile is almost dead.
You block the crocodile's attack.
You hit the crocodile but do no damage.
The crocodile is almost dead.
You block the crocodile's attack. The crocodile bites you!
You die...

####### ##$(/[$##
#..$$$..#
#.......#
#...t...#
#...@...#
#.......#
##.....## #######
###.### ##.....##
#.# #...≈...## #.#
...≈≈≈...#######.#
∩.≈≈≈≈≈..........#
...≈≈≈...#######.#


You could see a crocodile.

Vanquished Creatures
  An orc wizard (D:3)
  Robin (D:2)
  9 adders
  2 oozes
  A worm (D:2)
  2 dart slugs (D:1)
  2 leopard geckos (D:3)
  2 orcs (D:3)
  5 giant cockroaches
  13 goblins
  5 hobgoblins
  3 jackals (D:1)
  A quokka (D:3)
  9 bats
  4 frilled lizards
  8 kobolds
  9 rats
77 creatures vanquished.

Notes
Turn   | Place    | Note
-------+----------+-------------------------------------------
     0 | D:1      | McCoppin the Octopode Fighter began the quest for the Orb.
     0 | D:1      | Reached XP level 1. HP: 16/16 MP: 1/1
    50 | D:1      | Reached skill level 1 in Stealth
    67 | D:1      | Reached skill level 2 in Stealth
    77 | D:1      | Reached XP level 2. HP: 15/21 MP: 2/2
   140 | D:1      | Reached skill level 3 in Stealth
   318 | D:1      | Reached XP level 3. HP: 24/26 MP: 3/3
   393 | D:1      | Reached skill level 4 in Stealth
   907 | D:2      | Noticed Robin
   993 | D:2      | Found a sacrificial altar of Ru.
  1009 | D:2      | Reached skill level 5 in Stealth
  1009 | D:2      | Reached XP level 4. HP: 19/31 MP: 4/4
  1140 | D:2      | Killed Robin
  1290 | D:2      | Reached skill level 6 in Stealth
  1701 | D:3      | Reached XP level 5. HP: 36/36 MP: 5/5
  1737 | D:3      | Reached skill level 7 in Stealth
  1997 | D:3      | Found a glowing drain.
  2003 | Sewer    | Entered a sewer
  2217 | Sewer    | Noticed a crocodile
  2244 | Sewer    | Slain by a crocodile

Skill      XL: |  1  2  3  4  5 |
---------------+----------------+-----
Stealth        | 2 3 5 6 7 |  7.9
Fighting       | |  3.0
Long Blades    | |  2.0
Dodging        | |  3.0
Shields        | |  3.0

Action                   |  1- 3 |  4- 6 || total
-------------------------+-------+-------++-------
Melee: Long sword        |    71 |    71 ||   142
       Constrict         |    20 |    18 ||    38
       Tentacles         |    12 |    17 ||    29
  Use: Potion            |     1 |     2 ||     3
       Scroll            |       |     4 ||     4
 Stab: Sleeping          |     7 |    10 ||    17
       Distracted        |     1 |       ||     1
  Eat: Chunk             |       |     4 ||     4
Armor: Skin              |     4 |     8 ||    12
Dodge: Dodged            |    22 |    44 ||    66
Block: Shield            |    31 |    34 ||    65
       Rpst.: Long sword |     5 |    16 ||    21
